 Dungeon Crawl Stone Soup version 0.30-a0-310-g7d6cbdfea6 (webtiles) character file.

Game seed: 4322421350185032010

53 themarg the Trooper (level 3, -2/37 HPs)
             Began as a Minotaur Fighter on Oct 24, 2022.
             Slain by a gnoll
             ... wielding a +0 halberd
              (8 damage)
             ... on level 2 of the Dungeon.
             The game lasted 00:02:24 (1001 turns).

themarg the Trooper (Minotaur Fighter)              Turns: 1001, Time: 00:02:25

Health: -2/37      AC:  8    Str: 22    XL:     3   Next: 64%
Magic:  2/2        EV:  9    Int:  5    God:
Gold:   46         SH:  4    Dex:  9    Spells: 2/2 levels left

rFire   . . .      SeeInvis .    a - +0 war axe
rCold   . . .      Faith    .    c - +0 buckler
rNeg    . . .      Spirit   .    b - +0 scale mail
rPois   .          Reflect  .    (helmet restricted)
rElec   .          Harm     .    h - +0 cloak
rCorr   .          Rampage  .    (no gloves)
Will    .....                    (no boots)
Stlth   ..........               (no amulet)
HPRegen 0.26/turn                (no ring)
MPRegen 0.08/turn                (no ring)

@: mighty
A: horns 2, retaliatory headbutt
a: no special abilities


You were on level 2 of the Dungeon.
You visited 1 branch of the dungeon, and saw 2 of its levels.

You collected 46 gold pieces.

Inventory:

Hand Weapons
 a - a +0 war axe (weapon)
Missiles
 e - 40 stones (quivered)
Armour
 b - a +0 scale mail (worn)
 c - a +0 buckler (worn)
 h - a +0 cloak (worn)
Scrolls
 k - a scroll of silence {unknown}
Potions
 g - 2 potions of brilliance
 j - a potion of haste {unknown}


   Skills:
 + Level 5.7 Fighting
 - Level 2.4 Axes
 - Level 3.6 Armour
 - Level 3.6 Shields


You had 2 spell levels left.
You didn't know any spells.
Your spell library was empty.

Dungeon Overview and Level Annotations

Branches:
Dungeon (2/15)

Altars:


Innate Abilities, Weirdness & Mutations

You have a pair of horns on your head.
You reflexively headbutt those who attack you in melee.


Message History

The gnoll shouts!
A gnoll comes into view. It is wielding a +0 halberd.
The gnoll moves out of view.
The gnoll shouts!
You hear a shout!
A gnoll comes into view. It is wielding a +0 halberd.
The gnoll shouts!
The gnoll moves out of view.
A gnoll comes into view. It is wielding a +0 spear.
You block the gnoll's attack.
You hit the gnoll.
The gnoll is moderately wounded.
The gnoll hits you but does no damage.
The gnoll hits you from afar with a +0 halberd.
You hit the gnoll but do no damage.
The gnoll is moderately wounded.
The gnoll barely misses you. x2
The gnoll hits you from afar with a +0 spear.
You block the gnoll's attack. x2
The gnoll hits you from afar with a +0 halberd!
You feel very mighty all of a sudden. The gnoll barely misses you.
The gnoll closely misses you. The gnoll barely misses you.
The gnoll hits you from afar with a +0 halberd.
You slash the gnoll!
You kill the gnoll!
The gnoll hits you from afar with a +0 spear.
The gnoll hits you from afar with a +0 halberd.
* * * LOW HITPOINT WARNING * * *
You block the gnoll's attack.
As you read the scroll labelled KUADAPHA YNUO, it crumbles to dust.
It is a scroll of identify.
g - 2 potions of brilliance You block the gnoll's attack.
The gnoll hits you from afar with a +0 halberd.
* * * LOW HITPOINT WARNING * * *
As you read the scroll labelled KUB RYFROT, it crumbles to dust.
The creatures around you are filled with an inner flame!
It was a scroll of immolation.
The gnoll closely misses you.
The gnoll hits you from afar with a +0 halberd!
You die...

.. ## .###. ## .#.. ... ...
#..#.. ##..... .....gg###
### ......g..# #..
....>#.#@# ######..
.........#########.......
#.#..#.#......#....###...
............###...#### #...
...................#####...
.................#.........
.................#####.....
###..<..................#...
#..................######...


You could see 3 gnolls.

Vanquished Creatures
  A gnoll (D:2)
  3 dart slugs (D:1)
  A ball python (D:1)
  5 endoplasms
  A giant cockroach (D:2)
  2 goblins
  4 hobgoblins (D:1)
  2 jackals (D:2)
  5 bats (D:1)
  2 frilled lizards
  5 kobolds
  4 rats
35 creatures vanquished.

Notes
Turn   | Place    | Note
-------+----------+-------------------------------------------
     0 | D:1      | themarg the Minotaur Fighter began the quest for the Orb.
     0 | D:1      | Reached XP level 1. HP: 19/19 MP: 0/0
   199 | D:1      | Reached skill level 4 in Fighting
   312 | D:1      | Reached XP level 2. HP: 22/28 MP: 1/1
   566 | D:1      | Reached skill level 5 in Fighting
   588 | D:1      | Reached XP level 3. HP: 35/36 MP: 2/2
   836 | D:2      | Found a faded altar of an unknown god.
  1001 | D:2      | Slain by a gnoll

Illustrated notes

Levels and vault maps discovered:
D:1:      amcnicky_arrival_flooded_fountain, layout_basic
D:2:      layout_rooms, nicolae_ecumenical_pavilion

Skill      XL: |  1  2 |
---------------+-------+-----
Fighting       | 4 5 |  5.7
Axes           | |  2.4
Armour         | |  3.6
Shields        | |  3.6

Action                   || total
-------------------------++-------
Melee: War axe           ||    61
       Headbutt          ||     6
  Use: Scroll            ||     2
       Potion            ||     1
Armor: Scale mail        ||    29
Dodge: Dodged            ||    34
Block: Buckler           ||    18

Table legend: (Time is in decaauts)
 A = Elapsed time spent in this place.
 B = Non-inter-level travel time spent in this place.
 C = Inter-level travel time spent in this place.
 D = Time resting spent in this place.
 E = Time spent auto-exploring this place.
 F = Levels seen in this place.
 G = Mean time per level.
                   A        B        C        D        E       F      G
               +--------+--------+--------+--------+--------+-----+--------+
         Total |   1027 |   1025 |      2 |      0 |    823 |   2 |  513.5 |
       Dungeon |   1027 |   1025 |      2 |      0 |    823 |   2 |  513.5 |
               +--------+--------+--------+--------+--------+-----+--------+

Top non-repeatable levels by time:
     D:1: 853 daAuts
     D:2: 173 daAuts
